 Dungeon Crawl Stone Soup version 0.30.1-4-g462c640d31 (webtiles) character file.

Game seed: 10936602989359552634

9 hawla the Firebug (level 2, -2/20 HPs)
             Began as a Meteoran Fire Elementalist on Aug 26, 2023.
             Slain by a white imp (3 damage)
             ... on level 2 of the Dungeon.
             The game lasted 00:01:07 (138 turns).

hawla the Firebug (Meteoran Fire Elementalist)       Turns: 138, Time: 00:01:08

Health: -2/20      AC:  2    Str:  9    XL:     2   Next: 41%
Magic:  4/7        EV: 12    Int: 16    God:
Gold:   20         SH:  0    Dex: 14    Spells: 4/7 levels left

rFire   . . .        (no weapon)
rCold   . . .        (no shield)
rNeg    . . .        a - +0 robe
rPois   .            (no helmet)
rElec   .            (no cloak)
rCorr   .            (no gloves)
SInv    .            (no boots)
Will    .....        (no amulet)
Stlth   +            (no ring)
HPRegen 0.23/turn    (no ring)
MPRegen 0.10/turn

%: no passive effects
@: very slightly contaminated, glowing
A: sense surroundings 1, otherworldly, glowing, explore regen
a: no special abilities


You were on level 2 of the Dungeon.
You visited 1 branch of the dungeon, and saw 3 of its levels.

You collected 20 gold pieces.

Inventory:

Armour
 a - a +0 robe (worn)
Scrolls
 d - a scroll of identify {unknown}
 e - a scroll of fog {unknown}
Potions
 b - a potion of magic
 c - a potion of berserk rage {unknown}


   Skills:
 + Level 2.4 Dodging
 - Level 1.4 Stealth
 + Level 3.0 Spellcasting
 + Level 1.7 Conjurations
 + Level 3.9 Fire Magic


You had 4 spell levels left.
You knew the following spells:

 Your Spells              Type           Power      Damage    Failure   Level
a - Foxfire               Conj/Fire      44%        2x1d6     6%          1
b - Scorch                Fire           30%        2d6       5%          2

Your spell library contained the following spells:

 Spells                   Type           Power      Damage    Failure   Level
 Inner Flame              Hex/Fire       8%         N/A       26%         3
 Volatile Blastmotes      Fire/Tloc      16%        2d11      26%         3
 Flame Wave               Conj/Fire      11%        2d6       50%         4


Dungeon Overview and Level Annotations

Branches:
Dungeon (3/15) Zot: 1661

Altars:

Shops:
D:3 (

Annotations:
D:3 Robin


Innate Abilities, Weirdness & Mutations

You passively map a small area around you.
You are easily found by Zot.
You glow in the dark.
You regain HP and MP as you explore.


Message History

The foxfire hits the goblin.
You kill the goblin!
Your Spellcasting skill increases to level 3!
A sourceless malevolence fills the Dungeon...
You fall into a shaft and drop 1 floor!
The shaft crumbles and collapses.
Magic restored.
Found a stone staircase leading down.
There is a stone staircase leading down here.
You climb downwards.
The goblin shouts!
The hobgoblin shouts! x2; The white imp shouts!
You hear a shout!
The goblin shouts! x2
Found a chain mail and a scroll labelled WAKLYOZ HOLENTEMM.
Found Qenysyimp's Antique Weapon Shoppe.
Found an escape hatch in the ceiling.
There is a stone staircase leading up here.
The goblin shouts!
The white imp gestures at you. The puff of frost hits you!
Ouch! That really hurt!
Robin roars a battlecry!
The goblins go into a battle-frenzy!
The hobgoblin shouts!
You climb upwards.
There is a stone staircase leading down here.
Casting: Foxfire (safe; 6% risk of failure)
Confirm with . or Enter, or press ? or * to list all spells.
Flames lash the white imp.
The white imp is burned terribly!
The white imp is heavily wounded.
The white imp's fire resistance burns away.
The white imp hits you. The white imp freezes you.
* * * LOW HITPOINT WARNING * * *
Casting: Scorch (safe; 5% risk of failure)
Confirm with . or Enter, or press ? or * to list all spells.
You miscast Scorch.
You are very lightly contaminated with residual magic.
Nothing appears to happen.
The white imp hits you.
* * * LOW HITPOINT WARNING * * *
The white imp freezes you.
You die...

* , #######+#
#.....#.#
#..###...# ...
#...## # *
.###....#########
*
.................#
.#####...##5##.#.#
*, #..###@#* * , *
*#.## #.# , , ...#
#.#* , #### #.#
#.. , ### *


You could see a white imp (combustible).

Vanquished Creatures
  A dart slug (D:1)
  A bat (D:1)
  A giant cockroach (D:1)
  A goblin (D:1)
  2 ball pythons (D:1)
  A rat (D:1)
7 creatures vanquished.

Vanquished Creatures (others)
  15 foxfires (D:1)
15 creatures vanquished.

Grand Total: 22 creatures vanquished

Notes
Turn   | Place    | Note
-------+----------+-------------------------------------------
     0 | D:1      | hawla the Meteoran Fire Elementalist began the quest for
                  | the Orb.
     0 | D:1      | Reached XP level 1. HP: 14/14 MP: 5/5
    69 | D:1      | Reached XP level 2. HP: 20/20 MP: 4/6
    72 | D:1      | Learned a level 2 spell: Scorch
   120 | D:1      | You fall into a shaft and drop 1 floor!
   134 | D:3      | Noticed Robin
   134 | D:3      | Found Qenysyimp's Antique Weapon Shoppe.
   138 | D:2      | HP: 1/20 [white imp (2)]
   138 | D:2      | Slain by a white imp

Illustrated notes

Levels and vault maps discovered:
D:1:      ldierk_walled_garden, layout_basic, kennysheep_pointless_box,
          nicolae_shop_vocational
D:2:      layout_loops_corners, hellmonk_ecumenical_altar_pennies_from_heaven,
          uniq_natasha
D:3:      layout_basic, gammafunk_temple_overflow_pools,
          nzn_wu_jian_contemplation, serial_shops, nicolae_lakefront_shop, shop,
          shop, shop, shop_fountains, chequers_serial_rivers_marsh, uniq_robin,
          uniq_sigmund

Skill      XL: |  1  2 |
---------------+-------+-----
Spellcasting   | 3 |  3.0
Dodging        | |  2.4
Stealth        | |  1.4
Conjurations   | |  1.7
Fire Magic     | |  3.9

Action                     || total
---------------------------++-------
  Melee: Unarmed           ||     8
   Cast: Foxfire           ||    10
         Scorch            ||     1
 Armour: Robe              ||     2
  Dodge: Dodged            ||     8
